 Dungeon Crawl Stone Soup version 0.18-a0-1778-gadce9fa (webtiles) character file.

2804 nono the Covert (level 9, -3/39 HPs)
             Began as a Vine Stalker Enchanter on Apr 16, 2016.
             Slain by a killer bee (5 damage)
             ... on level 8 of the Dungeon.
             The game lasted 00:23:42 (6878 turns).

nono the Covert (Vine Stalker Enchanter)            Turns: 6878, Time: 00:23:42

Health: -3/39      AC:  6    Str: 11    XL:     9   Next: 72%
Magic:  0/16       EV: 12    Int: 18    God:
Gold:   397        SH:  0    Dex: 20    Spells: 3 memorised, 10 levels left

rFire  . . .     SeeInvis .     b - +8 trident "Ziydeev" {venom, Dex+5 Stlth-}
rCold  . . .     Gourm    .     B - +1 robe
rNeg   + . .     Faith    .     (no shield)
rPois  .         Spirit   +     i - +2 hat
rElec  .         Dismiss  .     (no cloak)
rCorr  .         Reflect  .     p - +0 pair of gloves
SustAt .         Harm     .     (no boots)
MR     +....                    D - amulet of rage
Stlth  ++++......               (no ring)
                                z - ring of positive energy

@: somewhat resistant to hostile enchantments, stealthy
A: fangs 3, regeneration 2, magic shield, antimagic bite, no device heal 3, rot
immunity
a: Evoke Berserk Rage


You were on level 8 of the Dungeon.
You were not hungry.

You visited 2 branches of the dungeon, and saw 9 of its levels.

You collected 397 gold pieces.

Inventory:

Hand Weapons
 a - a +1 dagger
 b - the +8 trident "Ziydeev" (weapon) {venom, Dex+5 Stlth-}
   (You found it on level 5 of the Dungeon)

   It poisons the flesh of those it strikes.
   It affects your dexterity (+5).
   It makes you less stealthy.
 n - a +0 dagger of protection
 H - a +1 dagger of draining
 J - a +0 club
Armour
 i - a +2 hat (worn)
 p - a +0 pair of gloves (worn)
 B - a +1 robe (worn)
 E - the +3 warlock's mirror {reflect}
   (You found it on level 6 of the Dungeon)
Jewellery
 z - a ring of positive energy (left hand)
 D - an amulet of rage (around neck)
Scrolls
 g - a scroll of teleportation {unknown}
 h - 3 scrolls of recharging {unknown}
 k - 5 scrolls of identify
 l - a scroll of amnesia {unknown}
 m - a scroll of fog {unknown}
 w - 3 scrolls of remove curse
 y - a scroll of random uselessness {unknown}
 F - a scroll of magic mapping {unknown}
Potions
 e - 4 potions of curing
 f - a potion of lignification {unknown}
 j - 3 potions of brilliance
 q - a potion of berserk rage {unknown}
 r - 3 potions of ambrosia {unknown}
 s - 3 potions of heal wounds {unknown}
 t - a potion of invisibility {unknown}
 u - a potion of resistance {unknown}
 x - 2 potions of might {unknown}
 A - 2 potions of cure mutation {unknown}
 I - a potion of flight {unknown}
 K - a potion of magic {unknown}
Books
 c - a book of Maledictions

   Spells                             Type                      Level
   a - Corona                         Hexes                        1
   b - Ensorcelled Hibernation        Hexes/Ice                    2
   c - Confuse                        Hexes                        3
   d - Tukima's Dance                 Hexes                        3
   e - Dazzling Spray                 Conjuration/Hexes            3
 o - a Fen Folio

   Spells                             Type                      Level
   a - Corpse Rot                     Necromancy                   2
   b - Stone Arrow                    Conjuration/Earth            3
   c - Leda's Liquefaction            Hexes/Earth                  4
   d - Summon Forest                  Summoning/Translocation      5
   e - Hydra Form                     Transmutation                6
   f - Summon Hydra                   Summoning                    7
 G - a book of Unlife

   Spells                             Type                      Level
   a - Recall                         Summoning/Translocation      3
   b - Animate Dead                   Necromancy                   4
   c - Control Undead                 Necromancy                   4
   d - Cigotuvi's Embrace             Necromancy                   5
   e - Death Channel                  Necromancy                   6
   f - Simulacrum                     Ice/Necromancy               6
Comestibles
 d - 5 bread rations
 v - 2 beef jerkies
 C - 4 meat rations
 L - 3 chunks of flesh


   Skills:
 + Level 5.3 Short Blades
 - Level 1.5 Dodging
 * Level 10.6 Stealth
 - Level 4.4 Spellcasting
 * Level 8.4 Hexes


You had 10 spell levels left.
You knew the following spells:

 Your Spells              Type           Power        Failure   Level  Hunger
a - Ensorcelled Hibernat  Hex/Ice        ###...       4%          2    ##.....
b - Corona                Hex            ####...      1%          1    None
c - Confuse               Hex            ####....     1%          3    ###....


Dungeon Overview and Level Annotations

Branches:
Dungeon (8/15)             Temple (1/1) D:6
   Lair: D:8-11

Altars:
Dithmenos
Elyvilon
Gozag
Kikubaaqudgha
Makhleb
Nemelex Xobeh
Okawaru
Pakellas
Ru
Trog
Vehumet
Xom
Yredelemnul
Zin


Innate Abilities, Weirdness & Mutations

You have razor-sharp teeth.
You heal very quickly.
When hurt, damage is shared between your health and your magic reserves.
Your bite disrupts and absorbs the magic of your enemies.
Potions and wands cannot restore your health.
You are immune to rotting.


Message History

The killer bee closely misses you. The killer bee stings you.
* * * LOW HITPOINT WARNING * * *
The killer bee stings you.
* * * LOW HITPOINT WARNING * * *
Drink which item? (? for menu, Esc to quit)
You have no ailments to cure.
Read which item? (? for menu, Esc to quit)
Okay, then.
Save game and exit?
Welcome back, nono the Vine Stalker Enchanter.
Press ? for a list of commands and other information.
You puncture the killer bee!
The killer bee is heavily wounded.
The killer bee stings you but does no damage.
The killer bee stings you.
* * * LOW HITPOINT WARNING * * *
You miss the killer bee. Your bite misses the killer bee.
The killer bee is heavily wounded.
The killer bee stings you.
You die...

####.......# .# .
#..........#
#....##.......#
###. #.......# #
##5.#...# #...##.##
.. ##..#...#.......
##..............###
#†@##...........#..
#.y##
##............ #..#
........... ...#
.......... ..##.
..>...... # #
......... ..###....
###.# #.#


You could see a killer bee and a quasit (confused).

Vanquished Creatures
  Grinder (D:5)
  Prince Ribbit (D:6)
  2 orc warriors
  A wasp (D:8)
  A phantom (D:4)
  An ice beast (D:8)
  2 ogres
  2 sky beasts (D:5)
  4 centaurs
  A giant frog (D:7)
  A water moccasin skeleton (D:5)
  2 scorpions
  6 killer bees
  A crimson imp (D:5)
  3 hounds
  2 jellies (D:6)
  An orc priest (D:8)
  3 centaur skeletons
  4 orc wizards
  8 worker ants
  A worker ant zombie (D:6)
  9 adders
  6 gnolls
  An adder zombie (D:5)
  An adder skeleton (D:4)
  A worm (D:2)
  A dart slug (D:1)
  3 giant geckos
  23 orcs
  3 bats (D:1)
  2 giant cockroaches
  3 goblins
  2 hobgoblins
  19 jackals
  5 kobolds
  5 quokkas
  4 ball pythons
  A giant gecko skeleton (D:7)
  5 giant newts
  6 rats
148 creatures vanquished.

Vanquished Creatures (others)
  A centaur zombie (D:8)
1 creature vanquished.

Grand Total: 149 creatures vanquished

Notes
Turn   | Place    | Note
--------------------------------------------------------------
     0 | D:1      | nono the Vine Stalker Enchanter began the quest for the Orb.
     0 | D:1      | Reached XP level 1. HP: 9/9 MP: 4/4
    33 | D:1      | Reached skill level 1 in Short Blades
    47 | D:1      | Reached XP level 2. HP: 8/13 MP: 1/6
   346 | D:1      | Reached skill level 4 in Stealth
   551 | D:1      | Learned a level 2 spell: Ensorcelled Hibernation
   561 | D:1      | Reached XP level 3. HP: 16/16 MP: 7/7
   579 | D:1      | Learned a level 3 spell: Confuse
  1140 | D:2      | Found an ancient bone altar of Kikubaaqudgha.
  1196 | D:2      | Found an opulent altar of Gozag.
  1383 | D:3      | Reached XP level 4. HP: 12/21 MP: 0/9
  2152 | D:4      | Noticed a phantom
  2305 | D:4      | Killed a phantom
  2305 | D:4      | Reached XP level 5. HP: 10/24 MP: 2/11
  2439 | D:4      | Reached skill level 5 in Stealth
  2446 | D:4      | Found a sacrificial altar of Ru.
  2467 | D:4      | Noticed an ogre
  2475 | D:4      | Killed an ogre
  2475 | D:4      | Gained mutation: You heal very quickly. [Vine Stalker growth]
  2475 | D:4      | Reached XP level 6. HP: 28/28 MP: 12/12
  2977 | D:4      | Found an iron altar of Okawaru.
  3139 | D:5      | Entered Level 5 of the Dungeon
  3181 | D:5      | Reached XP level 7. HP: 32/32 MP: 14/14
  3206 | D:5      | Found a white marble altar of Elyvilon.
  3335 | D:5      | Reached skill level 6 in Stealth
  3550 | D:5      | Noticed Grinder
  3596 | D:5      | Killed Grinder
  3596 | D:5      | Reached skill level 5 in Hexes
  3626 | D:5      | Reached skill level 7 in Stealth
  3626 | D:5      | Gained mutation: You have razor-sharp teeth. [Vine Stalker growth]
  3626 | D:5      | Reached XP level 8. HP: 36/36 MP: 15/15
  4063 | D:5      | Got a polished trident
  4064 | D:5      | Identified the +8 trident "Ziydeev" {venom, Dex+5 Stlth-} (You found it on level 5 of the Dungeon)
  4616 | D:6      | Noticed Prince Ribbit
  4639 | D:6      | Killed Prince Ribbit
  4639 | D:6      | Reached skill level 8 in Stealth
  4693 | D:6      | Found a staircase to the Ecumenical Temple.
  4704 | Temple   | Entered the Ecumenical Temple
  5227 | D:7      | Reached skill level 9 in Stealth
  5519 | D:7      | Reached XP level 9. HP: 31/39 MP: 14/16
  5627 | D:7      | Found a basalt altar of Yredelemnul.
  6168 | D:8      | Found a sparkling altar of Nemelex Xobeh.
  6418 | D:8      | Reached skill level 5 in Short Blades
  6418 | D:8      | Reached skill level 10 in Stealth
  6578 | D:8      | Found a shadowy altar of Dithmenos.
  6876 | D:8      | HP: 1/39 [killer bee (4)]
  6878 | D:8      | Slain by a killer bee

Vault maps used:
D:1:      enne_arrival_octagon_isle
D:2:      nicolae_overflow_hidden_temple, lemuel_doored_altar, first_bread
D:4:      kennysheep_mini_moat, kennysheep_mini
D:5:      marbit_many_paths, kennysheep_small_circle, uniq_grinder
D:6:      minmay_temple_entry_statues_pillars, uniq_prince_ribbit1
D:7:      lemuel_crystal_altar
D:8:      nemelex_deck, grunt_qazlal_clouds,
          nicolae_dithmenos_through_a_glass_darkly
Temple:   hc_temple_tempest_star_small

Skill      XL: |  1  2  3  4  5  6  7  8  9 |
---------------+----------------------------+-----
Short Blades   | 1 2 3 4 5 |  5.3
Stealth        | 4 5 7 9 10 | 10.6
Spellcasting   | 3 4 |  4.4
Hexes          | 4 5 7 8 |  8.4
Dodging        | |  1.5

Action                   |  1- 3 |  4- 6 |  7- 9 || total
-------------------------+-------+-------+-------++-------
Melee: Dagger            |   114 |   105 |   123 ||   342
       Bite              |    17 |    26 |    35 ||    78
       Trident           |       |       |    74 ||    74
 Cast: Ensorcelled Hiber |     5 |    13 |    65 ||    83
       Corona            |     1 |       |       ||     1
       Confuse           |       |    12 |    11 ||    23
  Use: Scroll            |     2 |       |     3 ||     5
       Potion            |       |       |     3 ||     3
 Stab: Sleeping          |    14 |    16 |    53 ||    83
       Confused          |       |     5 |     5 ||    10
  Eat: Chunk             |     1 |     3 |    14 ||    18
       Bread ration      |       |     1 |       ||     1
       Beef jerky        |       |       |     1 ||     1
Armor: Robe              |    39 |    27 |    44 ||   110
Dodge: Dodged            |    65 |    46 |   101 ||   212
